 Dungeon Sprint DCSS version 0.29-a0-892-g2c4c91d9db (webtiles) character file.

Game seed: 15648717462817633976

1134 rocky1 the Blocker (level 8, -10/71 HPs)
             Began as a Gnoll Fighter on July 23, 2022.
             Was a Priest of Okawaru.
             Killed from afar by a deep elf zephyrmancer (45 damage)
             ... with a bolt of lightning
             ... in the Dungeon (Sprint VII: "The Pits").
             The game lasted 00:02:56 (1069 turns).

rocky1 the Blocker (Gnoll Fighter)                  Turns: 1069, Time: 00:02:57

Health: -10/71     AC: 16    Str: 15    XL:     8   Next: 36%
Magic:  17/18      EV: 11    Int:  7    God:    Okawaru [***...]
Gold:   0          SH:  8    Dex: 15    Spells: 20/20 levels left

rFire   . . .      SeeInvis .   m - +0 long sword (flame)
rCold   . . .      Faith    .   c - +0 buckler
rNeg    . . .      Spirit   .   a - +3 chain mail
rPois   .          Reflect  .   (no helmet)
rElec   .          Harm     .   (no cloak)
rCorr   .          Rampage  .   (no gloves)
Will    .....      NoTele   +   (no boots)
Stlth   ++........              (no amulet)
HPRegen 0.21/turn               (no ring)
MPRegen 0.16/turn               (no ring)

@: heroic
A: fangs 1, strong nose, distributed training
a: Renounce Religion, Heroism


You were in the Dungeon.
You worshipped Okawaru.
Okawaru was most pleased with you.
You visited 1 branch

Inventory:

Hand Weapons
 m - a +0 long sword of flaming (weapon)
Armour
 a - a +3 chain mail (worn)
 c - a +0 buckler (worn)
Scrolls
 j - a scroll of blinking
 l - 5 scrolls of amnesia
Potions
 d - a potion of might
 e - 5 potions of curing
 f - 5 potions of heal wounds
 g - a potion of haste
 h - 4 potions of magic
 i - 2 potions of berserk rage
 k - 2 potions of invisibility


   Skills:
 + Level 9.4(14.4) Fighting
 + Level 6.6(11.6) Short Blades
 + Level 8.2(13.2) Long Blades
 + Level 6.6(11.6) Axes
 + Level 6.6(11.6) Maces & Flails
 + Level 6.6(11.6) Polearms
 + Level 6.6(11.6) Staves
 + Level 6.6(11.6) Ranged Weapons
 + Level 6.6(11.6) Throwing
 + Level 9.4(14.4) Armour
 + Level 6.6(11.6) Dodging
 + Level 6.6(11.6) Stealth
 + Level 9.4(14.4) Shields
 + Level 6.6(11.6) Unarmed Combat
 + Level 6.6 Spellcasting
 + Level 5.5 Conjurations
 + Level 5.5 Hexes
 + Level 5.5 Summonings
 + Level 5.5 Necromancy
 + Level 5.5 Translocations
 + Level 5.5 Transmutations
 + Level 5.5 Fire Magic
 + Level 5.5 Ice Magic
 + Level 5.5 Air Magic
 + Level 5.5 Earth Magic
 + Level 5.5 Poison Magic
 + Level 7.3 Invocations
 + Level 6.6 Evocations


You had 20 spell levels left.
You didn't know any spells.
Your spell library was empty.

Dungeon Overview and Level Annotations

Branches:
Dungeon (1/1)

Altars:
Ashenzari
Cheibriados
Dithmenos
Elyvilon
Fedhas
Gozag
Hepliaklqana
Kikubaaqudgha
Makhleb
Nemelex Xobeh
Okawaru
Qazlal
Ru
Sif Muna
Trog
Uskayaw
Vehumet
Wu Jian
Xom
Yredelemnul
Zin
The Shining One
Jiyva
Lugonu


Innate Abilities, Weirdness & Mutations

You have very sharp teeth.
Your uncanny sense of smell can sniff out nearby items.
Your experience applies equally to all skills.


Message History

You destroy the ball python skeleton!
You slash the endoplasm! You burn the endoplasm.
You kill the endoplasm!
Okawaru accepts your kill.
You see here a rat corpse.
You start resting.
Magic restored.
You start resting.
HP restored.
You start waiting.
Done waiting.
You see here a rat corpse.
You see here a quokka corpse.
There is an open door here.
Things that are here:
3 large rocks; a cyclops corpse
Okay, then.
You gain the combat prowess of a mighty hero.
You open the door.
A phantom, a smoke demon and a deep elf zephyrmancer come into view.
The deep elf zephyrmancer shouts!
The smoke demon gestures at you. The ball of steam hits you!!
The smoke demon moves out of view.
Unknown command.
There is an open door here.
You see here a quokka corpse.
The deep elf zephyrmancer is engulfed in a cloud of scalding steam.
The deep elf zephyrmancer casts a spell at you.
The bolt of lightning hits you!!
There is an open door here.
You are too injured to fight recklessly!
You are too injured to fight recklessly!
You slash the deep elf zephyrmancer! You burn the deep elf zephyrmancer.
You bite the deep elf zephyrmancer.
The deep elf zephyrmancer is severely wounded.
You are engulfed in a cloud of scalding steam.
The deep elf zephyrmancer points at you and mumbles some strange words.
The bolt of lightning hits you!!!
Ouch! That really hurt!
You die...

#.#..#..#..##.......#
#.##)#..#'###...<...#
#.#........##.......#
#)#........##.......#
#)###########.......#
#)......#..##########
#..#.#..#†## ###
#.##.##.#†# W..#∆∆∆∆
#.......#@#§...#∆
#.##.##.#(eW§.3+∆
#..#.#..#'#3...#∆
#.......).#....#∆
########### ####


You could see a deep elf zephyrmancer, a smoke demon and a phantom.

Vanquished Creatures
  A cyclops (D)
  A flying skull (D)
  Edmund (D)
  A water moccasin (D)
  An orc warrior (D)
  An ogre (D)
  A phantom (D)
  A scorpion (D)
  2 orc wizards (D)
  An adder (D)
  A gnoll (D)
  An ufetubus (D)
  3 orcs (D)
  An endoplasm (D)
  A giant cockroach (D)
  A quokka (D)
  A ball python (D)
  A ball python skeleton (D)
  3 kobolds (D)
  A quokka skeleton (D)
  A rat (D)
26 creatures vanquished.

Notes
Turn   | Place    | Note
-------+----------+-------------------------------------------
     0 | D        | rocky1 the Gnoll Fighter began the quest for the Orb.
     0 | D        | Reached XP level 1. HP: 23/23 MP: 1/1
    18 | D        | Found a bloodstained altar of Trog.
    18 | D        | Found a shimmering blue altar of Sif Muna.
    18 | D        | Found a viscous altar of Jiyva.
    18 | D        | Found a hazy altar of Hepliaklqana.
    18 | D        | Found an opulent altar of Gozag.
    19 | D        | Found a glowing golden altar of the Shining One.
    19 | D        | Found a glowing silver altar of Zin.
    19 | D        | Found a basalt altar of Yredelemnul.
    19 | D        | Found a shimmering altar of Xom.
    19 | D        | Found an ornate altar of the Wu Jian Council.
    19 | D        | Found a sacrificial altar of Ru.
    19 | D        | Found a stormy altar of Qazlal.
    19 | D        | Found an iron altar of Okawaru.
    19 | D        | Found a sparkling altar of Nemelex Xobeh.
    19 | D        | Found a burning altar of Makhleb.
    19 | D        | Found a blossoming altar of Fedhas.
    19 | D        | Found a white marble altar of Elyvilon.
    19 | D        | Found a shadowy altar of Dithmenos.
    19 | D        | Found a snail-covered altar of Cheibriados.
    21 | D        | Found a radiant altar of Vehumet.
    21 | D        | Found a corrupted altar of Lugonu.
    22 | D        | Found a hide-covered altar of Uskayaw.
    22 | D        | Found an ancient bone altar of Kikubaaqudgha.
    22 | D        | Found a broken altar of Ashenzari.
    29 | D        | Became a worshipper of Warmaster Okawaru
    89 | D        | Reached skill level 1 in Short Blades
    89 | D        | Reached skill level 1 in Axes
    89 | D        | Reached skill level 1 in Maces & Flails
    89 | D        | Reached skill level 1 in Polearms
    89 | D        | Reached skill level 1 in Staves
    89 | D        | Reached skill level 1 in Ranged Weapons
    89 | D        | Reached skill level 1 in Throwing
    89 | D        | Reached skill level 1 in Dodging
    89 | D        | Reached skill level 1 in Stealth
    89 | D        | Reached skill level 1 in Unarmed Combat
    89 | D        | Reached skill level 1 in Spellcasting
    89 | D        | Reached skill level 1 in Conjurations
    89 | D        | Reached skill level 1 in Hexes
    89 | D        | Reached skill level 1 in Summonings
    89 | D        | Reached skill level 1 in Necromancy
    89 | D        | Reached skill level 1 in Translocations
    89 | D        | Reached skill level 1 in Transmutations
    89 | D        | Reached skill level 1 in Fire Magic
    89 | D        | Reached skill level 1 in Ice Magic
    89 | D        | Reached skill level 1 in Air Magic
    89 | D        | Reached skill level 1 in Earth Magic
    89 | D        | Reached skill level 1 in Poison Magic
    89 | D        | Reached skill level 1 in Invocations
    89 | D        | Reached skill level 1 in Evocations
    89 | D        | Reached XP level 2. HP: 28/29 MP: 3/3
   234 | D        | Noticed a phantom
   235 | D        | Reached skill level 5 in Long Blades
   235 | D        | Reached XP level 3. HP: 23/35 MP: 5/5
   248 | D        | HP: 1/35 [phantom (6)]
   251 | D        | Killed a phantom
   252 | D        | Reached XP level 4. HP: 11/43 MP: 6/8
   549 | D        | Noticed an orc warrior
   558 | D        | Noticed a water moccasin
   563 | D        | Killed an orc warrior
   563 | D        | Reached * piety under Okawaru
   564 | D        | Reached XP level 5. HP: 43/49 MP: 8/11
   564 | D        | Noticed a flying skull
   565 | D        | Reached XP level 6. HP: 50/56 MP: 8/12
   567 | D        | Killed a water moccasin
   568 | D        | Reached skill level 5 in Invocations
   573 | D        | Killed a flying skull
   573 | D        | Reached ** piety under Okawaru
   574 | D        | Reached skill level 5 in Short Blades
   574 | D        | Reached skill level 5 in Axes
   574 | D        | Reached skill level 5 in Maces & Flails
   574 | D        | Reached skill level 5 in Polearms
   574 | D        | Reached skill level 5 in Staves
   574 | D        | Reached skill level 5 in Ranged Weapons
   574 | D        | Reached skill level 5 in Throwing
   574 | D        | Reached skill level 5 in Dodging
   574 | D        | Reached skill level 5 in Stealth
   574 | D        | Reached skill level 5 in Unarmed Combat
   574 | D        | Reached skill level 5 in Spellcasting
   574 | D        | Reached skill level 5 in Evocations
   574 | D        | Reached XP level 7. HP: 53/63 MP: 8/15
   852 | D        | Noticed Edmund
   858 | D        | Killed Edmund
   859 | D        | Reached skill level 5 in Conjurations
   859 | D        | Reached skill level 5 in Hexes
   859 | D        | Reached skill level 5 in Summonings
   859 | D        | Reached skill level 5 in Necromancy
   859 | D        | Reached skill level 5 in Translocations
   859 | D        | Reached skill level 5 in Transmutations
   859 | D        | Reached skill level 5 in Fire Magic
   859 | D        | Reached skill level 5 in Ice Magic
   859 | D        | Reached skill level 5 in Air Magic
   859 | D        | Reached skill level 5 in Earth Magic
   859 | D        | Reached skill level 5 in Poison Magic
   861 | D        | Noticed a cyclops
   872 | D        | Killed a cyclops
   872 | D        | Reached *** piety under Okawaru
   873 | D        | Reached XP level 8. HP: 53/71 MP: 15/18
  1064 | D        | Noticed a smoke demon
  1064 | D        | Noticed a deep elf zephyrmancer
  1069 | D        | Killed from afar by a deep elf zephyrmancer

Illustrated notes

Levels and vault maps discovered:
D:        pitsprint [storerooms_1, entrance_room_1, metal_vault_3, armoury_2,
          mini_pit_1, grid_room_1, main_hall_1, silver_pit, the_coven_3,
          the_vestibule_1, steel_vault_4, golden_pit, hallway_of_sentries,
          crystal_vault_3, iron_vault_2, final_vault]

Skill      XL: |  1  2  3  4  5  6  7 |
---------------+----------------------+-----
Short Blades   | 1 3 4 5 6 |  6.6
Axes           | 1 3 4 5 6 |  6.6
Maces & Flails | 1 3 4 5 6 |  6.6
Polearms       | 1 3 4 5 6 |  6.6
Staves         | 1 3 4 5 6 |  6.6
Ranged Weapons | 1 3 4 5 6 |  6.6
Throwing       | 1 3 4 5 6 |  6.6
Dodging        | 1 3 4 5 6 |  6.6
Stealth        | 1 3 4 5 6 |  6.6
Unarmed Combat | 1 3 4 5 6 |  6.6
Spellcasting   | 1 3 4 5 6 |  6.6
Conjurations   | 1 2 3 4 5 |  5.5
Hexes          | 1 2 3 4 5 |  5.5
Summonings     | 1 2 3 4 5 |  5.5
Necromancy     | 1 2 3 4 5 |  5.5
Translocations | 1 2 3 4 5 |  5.5
Transmutations | 1 2 3 4 5 |  5.5
Fire Magic     | 1 2 3 4 5 |  5.5
Ice Magic      | 1 2 3 4 5 |  5.5
Air Magic      | 1 2 3 4 5 |  5.5
Earth Magic    | 1 2 3 4 5 |  5.5
Poison Magic   | 1 2 3 4 5 |  5.5
Invocations    | 1 2 3 4 6 7 |  7.3
Evocations     | 1 3 4 5 6 |  6.6
Long Blades    | 5 6 7 8 |  8.2
Fighting       | 7 8 9 |  9.4
Armour         | 7 8 9 |  9.4
Shields        | 7 8 9 |  9.4

Action                   |  1- 3 |  4- 6 |  7- 9 || total
-------------------------+-------+-------+-------++-------
Melee: Long sword        |    49 |    15 |    32 ||    96
       Bite              |     6 |     2 |     5 ||    13
Invok: Heroism           |       |       |     2 ||     2
  Use: Potion            |     2 |     1 |       ||     3
 Stab: Sleeping          |       |       |     1 ||     1
Armor: Scale mail        |    28 |       |       ||    28
       Chain mail        |       |     2 |     9 ||    11
Dodge: Dodged            |    29 |     2 |     7 ||    38
Block: Buckler           |    12 |       |     3 ||    15

Table legend: (Time is in decaauts)
 A = Elapsed time spent in this place.
 B = Non-inter-level travel time spent in this place.
 C = Inter-level travel time spent in this place.
 D = Time resting spent in this place.
 E = Time spent auto-exploring this place.
 F = Levels seen in this place.
 G = Mean time per level.
                   A        B        C        D        E       F      G
               +--------+--------+--------+--------+--------+-----+--------+
         Total |   1080 |   1060 |     20 |    772 |      0 |   1 | 1080.0 |
       Dungeon |   1080 |   1060 |     20 |    772 |      0 |   1 | 1080.0 |
               +--------+--------+--------+--------+--------+-----+--------+

Top non-repeatable levels by time:
       D: 1080 daAuts
